 Dungeon Crawl Stone Soup version 0.25-a0-317-g5f8687bca5 (webtiles) character file.

Game seed: 12208826725329629490, levelgen mode: classic

176708 Borgoz the Fencer (level 18, -4/120 HPs)
             Began as a Gargoyle Fighter on Dec 25, 2019.
             Was a High Priest of Ashenzari.
             Killed by divine providence
             ... invoked by a smoke demon
              (11 damage)
             ... on level 2 of the Abyss.
             The game lasted 01:08:10 (30157 turns).

Borgoz the Fencer (Gargoyle Fighter)               Turns: 30157, Time: 01:08:10

Health: -4/120     AC: 39    Str: 27    XL:     18   Next: 14%
Magic:  0/23       EV: 16    Int: 10    God:    Ashenzari [*****.]
Gold:   3109       SH:  8    Dex: 13    Spells: 13/17 levels left

rFire    + + .     SeeInvis +   a - +6 long sword "Gargoyle's Regret" {flame, rF+ rC+} (curse)
rCold    + . .     Gourm    .   Q - +2 buckler {AC+3} (curse)
rNeg     + + .     Faith    .   u - +2 chain mail {rF+}
rPois    ∞         Spirit   +   D - +2 hat {MR+}
rElec    +         Reflect  .   A - scarf {repulsion}
rCorr    .         Harm     .   n - +0 pair of gloves of a Billion Queens {MR+ Str+3 Dex-2 Stlth+} (curse)
MR       ++++.     Clarity  +   c - +2 pair of boots {Fly}
Stlth    ..........             s - amulet of guardian spirit
HPRegen  0.30/turn              q - ring "Oboy" {rElec rN+ MR+ MP+9 Str+3}
MPRegen  0.18/turn              P - ring of the Death Scarab {rPois Slay+3}

@: flying, hasted, repel missiles, very quick
A: big wings, low mp 2, negative energy resistance 1, electricity resistance,
unbreathing, petrification resistance, rot immunity, subdued magic 1, AC +13
a: Stop Flying, Curse Item, Scrying, Transfer Knowledge, Renounce Religion


You were on level 2 of the Abyss.
You worshipped Ashenzari.
Ashenzari was extremely pleased with you.
You were not hungry.

You visited 5 branches of the dungeon, and saw 27 of its levels.
You visited the Abyss 1 time.
You also visited: Ice Cave.

You collected 3414 gold pieces.
You spent 305 gold pieces at shops.

Inventory:

Hand Weapons
 a - the cursed +6 long sword "Gargoyle's Regret" (weapon) {flame, rF+ rC+}
   (You bought it in a shop on level 6 of the Dungeon)

   It has been specially enchanted to burn those struck by it, causing extra
   injury to most foes and up to half again as much damage against particularly
   susceptible opponents.
   Big, fiery blades are also staple armaments of hydra-hunters.
   It protects you from fire.
   It protects you from cold.
   It has a curse placed upon it.
Missiles
 b - 5 throwing nets (quivered)
Armour
 c - a +2 pair of boots of flying (worn)
 n - the cursed +0 pair of gloves of a Billion Queens (worn) {MR+ Str+3 Dex-2 Stlth+}
   (You acquired it on level 5 of the Lair of Beasts)

   It affects your strength (+3).
   It affects your dexterity (-2).
   It affects your resistance to hostile enchantments.
   It makes you more stealthy.
   It has a curse placed upon it.
 u - a +2 chain mail of fire resistance (worn)
 A - a scarf of repulsion (worn)
 D - a +2 hat of magic resistance (worn)
 Q - a cursed +2 buckler of protection (worn)
Jewellery
 q - the ring "Oboy" (left hand) {rElec rN+ MR+ MP+9 Str+3}
   (You took it off a minotaur on level 2 of the Lair of Beasts)

   [ring of magical power]

   It affects your strength (+3).
   It insulates you from electricity.
   It protects you from negative energy.
   It affects your resistance to hostile enchantments.
   It affects your magic capacity (+9).
 s - an amulet of guardian spirit (around neck)
 w - an uncursed ring of resist corrosion
 P - the ring of the Death Scarab (right hand) {rPois Slay+3}
   (You found it in an ice cave)

   [ring of poison resistance]

   It affects your accuracy and damage with ranged weapons and melee attacks
   (+3).
   It protects you from poison.
Wands
 j - a wand of acid (11)
 r - a wand of paralysis (7)
 O - a wand of iceblast (9)
Scrolls
 d - 3 scrolls of magic mapping
 e - 22 scrolls of remove curse
 g - 11 scrolls of teleportation
 h - 2 scrolls of amnesia
 i - 3 scrolls of identify
 t - 3 scrolls of blinking
 y - 2 scrolls of holy word
 B - 3 scrolls of fear
 G - a scroll of fog
Potions
 k - a potion of invisibility
 o - a potion of resistance
 p - 2 potions of cancellation
 v - 2 potions of might
 x - a potion of magic
 E - 3 potions of haste
 N - 4 potions of curing
Comestibles
 f - 52 rations


   Skills:
 + Level 15.8 Fighting
 * Level 16.3(19.7) Long Blades
 + Level 15.7 Armour
 * Level 13.8 Dodging
 - Level 5.0(7.6) Shields


You had 13 spell levels left.
You knew the following spells:

 Your Spells              Type           Power        Failure   Level  Hunger
a - Confusing Touch       Hex            #.....       77%         1    ##.....
b - Confuse               Hex            #.......     98%         3    ####...

Your spell library contained the following spells:

 Spells                   Type           Power        Failure   Level  Hunger
 Animate Skeleton         Necr           N/A          77%         1    ##.....
 Apportation              Tloc           #.....       77%         1    ##.....
 Corona                   Hex            #......      77%         1    ##.....
 Freeze                   Ice            #...         77%         1    ##.....
 Magic Dart               Conj           #...         77%         1    ##.....
 Shock                    Conj/Air       #...         77%         1    ##.....
 Summon Butterflies       Summ           #.......     77%         1    ##.....
 Summon Small Mammal      Summ           #...         77%         1    ##.....
 Blink                    Tloc           N/A          88%         2    ###....
 Call Imp                 Summ           #.......     88%         2    ###....
 Slow                     Hex            #.......     88%         2    ###....
 Swiftness                Chrm/Air       #.......     88%         2    ###....
 Call Canine Familiar     Summ           #.......     98%         3    ####...
 Conjure Flame            Conj/Fire      #.......     98%         3    ####...
 Gell's Gravitas          Tloc           #.........   98%         3    ####...
 Inner Flame              Hex/Fire       #.......     98%         3    ####...
 Lesser Beckoning         Tloc           #.........   98%         3    ####...
 Mephitic Cloud           Conj/Pois/Air  #.......     98%         3    ####...
 Ozocubu's Armour         Chrm/Ice       #.......     98%         3    ####...
 Portal Projectile        Hex/Tloc       #.....       98%         3    ####...
 Static Discharge         Conj/Air       #.......     98%         3    ####...
 Tukima's Dance           Hex            #.......     98%         3    ####...
 Airstrike                Air            #.........   100%        4    #####..
 Cause Fear               Hex            #.........   100%        4    #####..
 Hailstorm                Conj/Ice       #.......     100%        4    #####..
 Ice Form                 Ice/Tmut       #.......     100%        4    #####..
 Leda's Liquefaction      Hex/Erth       #.........   100%        4    #####..
 Petrify                  Tmut/Erth      #.......     100%        4    #####..
 Summon Ice Beast         Ice/Summ       #.......     100%        4    #####..
 Alistair's Intoxication  Tmut/Pois      #.......     100%        5    ######.
 Irradiate                Conj/Tmut      #.........   100%        5    ######.
 Lightning Bolt           Conj/Air       #.........   100%        5    ######.
 Metabolic Englaciation   Hex/Ice        #.........   100%        5    ######.
 Summon Mana Viper        Hex/Summ       #.......     100%        5    ######.
 Yara's Violent Unravell  Hex/Tmut       #.........   100%        5    ######.
 Freezing Cloud           Conj/Ice/Air   #.........   100%        6    #######
 Hydra Form               Tmut           #.........   100%        6    #######
 Invisibility             Hex            #.......     100%        6    #######
 Ozocubu's Refrigeration  Ice            #.........   100%        6    #######
 Simulacrum               Ice/Necr       #.........   100%        6    #######
 Dragon Form              Tmut           #.........   100%        7    #######
 Summon Hydra             Summ           #.........   100%        7    #######
 Statue Form              Tmut/Erth      Unusable     N/A         6    N/A

Dungeon Overview and Level Annotations

Branches:
Dungeon (15/15)            Temple (1/1) D:7            Lair (6/6) D:11
 Shoals (3/4) Lair:2        Snake (0/4) Lair:3        Slime (0/5) Lair:5
    Orc (2/2) D:9             Elf (0/3) Orc:2        Vaults (0/5) D:13
 Depths (0/5) D:15          IceCv (visited)

Altars:
Ashenzari
Cheibriados
Dithmenos
Elyvilon
Fedhas
Gozag
Hepliaklqana
Kikubaaqudgha
Makhleb
Nemelex Xobeh
Okawaru
Qazlal
Ru
Sif Muna
Trog
Uskayaw
Vehumet
Wu Jian
Xom
Yredelemnul
Zin
The Shining One
Beogh

Shops:
D:5 :   D:6 *%(%   D:10 (   D:13 :   Orc:1 =   Orc:2 :=%%   Shoals:2 %
Shoals:3 *(


Innate Abilities, Weirdness & Mutations

You are resistant to torment.
Your stone body is resilient. (AC +13)
You are immune to poison.
Your large and strong wings let you fly indefinitely.
You resist negative energy. (rN+)
You are resistant to electric shocks. (rElec)
You can survive without breathing.
You are immune to petrification.
You are immune to rotting.
Your magical capacity is very low. (-20% MP)
Your spells are a little easier to cast, but a little less powerful.


Message History

The smoke demon completely misses you. You block the smoke demon's attack.
The smoke demon hits you but does no damage.
Found 21 gold pieces.
You hit the smoke demon but do no damage.
You block the harpy skeleton's attack. x2
The smoke demon hits you but does no damage.
The smoke demon misses you. The smoke demon closely misses you.
The harpy skeleton claws you but does no damage.
The harpy skeleton misses you. You block the smoke demon's attack.
The smoke demon closely misses you. The smoke demon barely misses you.
The harpy skeleton misses you. The harpy skeleton closely misses you.
The harpy skeleton misses you.
The harpy skeleton claws you but does no damage.
The harpy skeleton barely misses you. You block the harpy skeleton's attack.
The harpy skeleton claws you but does no damage.
The harpy skeleton closely misses you. The smoke demon gestures at you.
Something smites you!
You die...

, , ** , *
*##....#.....X## , ,, #
. ###..#..#......##. *
* .##.#...##.......,. .
≈≈ ≈ ,
...##.....Y.......... *
≈,** , ,
#.#.#.#.X........... ,*
#.#..#.#..#.... ,.....
,,,, *
#......#..#...,..... *
, *
**#.##.Z..3#..........,
**,***
,#..@#.#..##.(....*#. ,
#.#.....#.#.....$##, **
..#...#..##.#.....#
,,,* *..#.#..##.#
####....*, , , ,
...##..#..., ,,* , ,*
,*,.#.* ##.*.... *, ,,
** .,. , #*...#. ** * *
***, .#, , , .. ,, * *
* , ,, , , ** , * ,


You could see a large abomination, a smoke demon, a sky beast and a harpy
skeleton.

Vanquished Creatures
  An ancient lich (Abyss:2)
  Jorgrun (Shoals:1)
  2 tentacled starspawn (Abyss:2)
  Gastronok (D:10)
  Frances (Shoals:1)
  Roxanne (D:14)
  Ilsuiw (Shoals:3)
  A frost giant (IceCv)
  A cacodemon (Abyss:2)
  2 orc warlords
  A war gargoyle (D:12)
  2 stone giants (Orc:1)
  A minotaur (Lair:2)
  2 merfolk javelineers
  2 merfolk impalers (Shoals:3)
  Erolcha (Orc:1)
  10 hydras
  8 vault guards (D:13)
  2 centaur warriors (D:12)
  3 catoblepae (Lair:6)
  16 two-headed ogres
  2 ogre magi (D:15)
  4 merfolk aquamancers
  6 orc high priests
  A death knight (D:14)
  12 death yaks
  A satyr (Shoals:2)
  The ghost of Irchumiyd the Thaumaturge, a journeyman DEAE of Sif Muna (Lair:2)
  3 tengu warriors
  A deep troll earth mage (D:12)
  Sonja (Lair:5)
  2 sixfirhies (Abyss:2)
  7 sea snakes
  3 unseen horrors
  A harpy (shapeshifter) (D:14)
  8 orc knights
  A lindwurm (Lair:6)
  An orange crystal statue (D:11)
  8 harpies
  A wolf spider zombie (D:14)
  6 orc sorcerers
  3 wolf spiders (Lair:3)
  6 fauns (Shoals:2)
  12 ugly things
  2 deep elf magi (D:15)
  4 oklob plants (Lair:4)
  5 cyclopes
  9 manticores
  2 worldbinders (Abyss:2)
  An ice statue (IceCv)
  5 black mambas
  15 elephants
  8 merfolk sirens
  2 guardian serpents (D:12)
  4 torpor snails (Lair:1)
  3 water nymphs (Shoals:2)
  6 spiny frogs
  2 gargoyles (D:12)
  10 komodo dragons
  A kobold demonologist (D:11)
  4 rime drakes
  A redback zombie (D:15)
  A tengu conjurer (D:14)
  3 trolls
  3 wind drakes
  19 merfolk
  A queen bee (D:11)
  24 blink frogs
  14 polar bears (IceCv)
  A hornet (Lair:3)
  Grinder (D:6)
  A raiju (Abyss:2)
  3 dream sheep (Shoals:2)
  12 hippogriffs
  3 snapping turtles
  2 small abominations (Abyss:2)
  The ghost of Borgoz the Slasher, an amateur GrGl (D:3)
  Sigmund (D:2)
  A shadow (D:11)
  14 water elementals
  Eustachio (D:6)
  2 wraiths
  A wyvern (D:11)
  3 basilisks
  5 large abominations (Abyss:2)
  51 yaks
  A vampire (D:11)
  A steam dragon (D:11)
  2 hungry ghosts
  The ghost of Borgoz the Twirler, an amateur GrGl (D:3)
  2 wargs (D:11)
  A soldier ant (D:14)
  14 water moccasins
  8 porcupines
  34 orc warriors
  A black bear (Lair:5)
  5 sky beasts
  An eye of draining (D:13)
  14 ice beasts
  6 phantoms
  16 ogres
  A boggart (D:12)
  The ghost of zkyp the Insei, an amateur DsCK of Xom (D:3)
  42 wolves
  7 centaurs
  15 crocodiles
  22 bullfrogs
  2 big kobolds
  A wyvern zombie (D:15)
  Blork the orc (D:6)
  2 wyvern skeletons
  4 scorpions
  The ghost of night the Chucker, a weakling TrHu (D:3)
  15 killer bees
  7 howler monkeys
  15 wights
  2 electric eels (Lair:2)
  8 crimson imps
  4 centaur zombies
  A lava snake (D:9)
  7 jellies
  A quasit (D:11)
  A centaur skeleton (D:10)
  2 bullfrog zombies
  11 hounds
  39 orc priests
  3 bullfrog skeletons
  Terence (D:2)
  7 iguanas
  5 worker ants
  40 orc wizards
  2 hound zombies
  3 hound skeletons
  18 adders
  5 shadow imps
  4 oozes
  An adder zombie (D:7)
  An adder skeleton (D:7)
  A worm (D:3)
  6 leopard geckos
  95 orcs
  4 bats
  3 giant cockroaches
  3 goblins (D:1)
  9 hobgoblins
  12 jackals
  3 quokkas
  10 frilled lizards
  2 jackal skeletons
  A jackal zombie (D:8)
  13 kobolds
  3 rats
  2 starspawn tentacles (Abyss:2)
979 creatures vanquished.

Vanquished Creatures (others)
  An orc wizard (D:14)
  An orc (Orc:1)
  A butterfly (Lair:4)
  2 fungi (Lair:3)
  14 plants
  4 starspawn tentacles (Abyss:2)
  2 withered plants (D:3)
25 creatures vanquished.

Grand Total: 1004 creatures vanquished

Notes
Turn   | Place    | Note
-------+----------+-------------------------------------------
     0 | D:1      | Borgoz the Gargoyle Fighter began the quest for the Orb.
     0 | D:1      | Reached XP level 1. HP: 14/14 MP: 1/1
   121 | D:1      | Reached skill level 2 in Long Blades
   121 | D:1      | Reached XP level 2. HP: 19/19 MP: 2/2
   306 | D:1      | You fall into a shaft and drop 1 floor!
   306 | D:2      | Noticed Terence
   308 | D:2      | Found a radiant altar of Vehumet.
   597 | D:2      | Reached XP level 3. HP: 22/23 MP: 3/3
   726 | D:2      | Found an opulent altar of Gozag.
   862 | D:2      | Noticed Sigmund
   876 | D:2      | Killed Sigmund
   876 | D:2      | Reached skill level 3 in Long Blades
   876 | D:2      | Reached skill level 1 in Dodging
   876 | D:2      | Reached XP level 4. HP: 13/30 MP: 4/4
   876 | D:2      | Reached XP level 5. HP: 15/34 MP: 5/5
  1204 | D:2      | Killed Terence
  1204 | D:2      | Reached XP level 6. HP: 39/39 MP: 6/6
  1468 | D:3      | Found a faded altar of an unknown god.
  1539 | D:3      | Noticed Borgoz's ghost (amateur GrGl)
  1540 | D:3      | Noticed night's ghost (weakling TrHu)
  1542 | D:3      | Found a runed translucent gate.
  1542 | D:3      | Found a runed translucent gate.
  1542 | D:3      | Noticed Borgoz's ghost (amateur GrGl)
  1543 | D:3      | Found a runed translucent gate.
  1543 | D:3      | Noticed zkyp's ghost (amateur DsCK)
  2140 | D:4      | Reached skill level 5 in Armour
  2172 | D:4      | HP: 1/40 [something/puff of frost (7)]
  2477 | D:4      | Reached skill level 5 in Fighting
  2477 | D:4      | Reached XP level 7. HP: 38/44 MP: 5/7
  2840 | D:4      | Found a white marble altar of Elyvilon.
  3001 | D:4      | Found a shimmering blue altar of Sif Muna.
  3004 | D:4      | Found a glowing golden altar of the Shining One.
  3007 | D:4      | Found an ornate altar of the Wu Jian Council.
  3062 | D:4      | Reached skill level 4 in Long Blades
  3342 | D:4      | Reached XP level 8. HP: 49/51 MP: 6/8
  3378 | D:5      | Entered Level 5 of the Dungeon
  3677 | D:5      | Found Ruow's Book Shoppe.
  3887 | D:5      | Reached skill level 5 in Shields
  4043 | D:5      | Reached skill level 5 in Long Blades
  4316 | D:6      | Found Xatefem's Food Emporium.
  4318 | D:6      | Found Xakoprarro's Antique Weapon Shoppe.
  4324 | D:6      | Bought a fine long sword for 221 gold pieces
  4324 | D:6      | Identified the +6 long sword "Gargoyle's Regret" {flame,
                  | rF+ rC+} (You bought it in a shop on level 6 of the
                  | Dungeon)
  4329 | D:6      | Found Baupp's Assorted Antiques.
  4334 | D:6      | Noticed Grinder
  4338 | D:6      | Killed Grinder
  4338 | D:6      | Reached XP level 9. HP: 56/56 MP: 9/9
  4343 | D:6      | Bought a scroll of identify for 42 gold pieces
  4343 | D:6      | Bought a scroll of identify for 42 gold pieces
  4409 | D:6      | Noticed a +0 hand axe
  4410 | D:6      | Noticed a +0 hand axe
  4413 | D:6      | Found a hide-covered altar of Uskayaw.
  4453 | D:6      | Noticed Blork the orc
  4460 | D:6      | Killed Blork the orc
  4515 | D:6      | Found Ynobutie's Food Boutique.
  4960 | D:6      | Noticed Eustachio
  4979 | D:6      | Killed Eustachio
  5087 | D:6      | Reached skill level 6 in Long Blades
  5216 | D:7      | Found a staircase to the Ecumenical Temple.
  5230 | Temple   | Entered the Ecumenical Temple
  5245 | Temple   | Became a worshipper of Ashenzari the Shackled
  5723 | D:7      | Reached XP level 10. HP: 65/65 MP: 10/10
  5890 | D:7      | Found a snail-covered altar of Cheibriados.
  5897 | D:7      | Found a shadowy altar of Dithmenos.
  6110 | D:8      | Got the uncursed leather armour "Kaonn" {rPois rC++ Str-4
                  | Dex-3}
  6121 | D:8      | Identified the +1 leather armour "Kaonn" {rPois rC++ Str-4
                  | Dex-3} (You found it on level 8 of the Dungeon)
  6141 | D:8      | Reached skill level 7 in Long Blades
  6783 | D:9      | Found a staircase to the Orcish Mines.
  6802 | D:9      | Noticed a cyclops
  6814 | D:9      | Killed a cyclops
  7020 | D:9      | Learned a level 1 spell: Confusing Touch
  7024 | D:9      | Learned a level 3 spell: Confuse
  7297 | D:9      | Reached * piety under Ashenzari
  7464 | D:3      | Killed Borgoz's ghost
  7469 | D:3      | Killed zkyp's ghost
  7486 | D:3      | Killed Borgoz's ghost
  7493 | D:3      | Killed night's ghost
  7773 | D:10     | Entered Level 10 of the Dungeon
  7910 | D:10     | Reached skill level 8 in Long Blades
  7967 | D:10     | Noticed a two-headed ogre
  7976 | D:10     | Killed a two-headed ogre
  7976 | D:10     | Reached skill level 10 in Fighting
  7976 | D:10     | Reached skill level 10 in Armour
  7976 | D:10     | Reached XP level 11. HP: 31/72 MP: 4/11
  8098 | D:10     | Noticed Gastronok
  8122 | D:10     | Killed Gastronok
  8122 | D:10     | Reached skill level 5 in Dodging
  8335 | D:10     | Found Dudoull's Antique Weapon Boutique.
  8749 | D:10     | Found a glowing golden altar of the Shining One.
  8762 | D:11     | Noticed a two-headed ogre
  8765 | D:11     | Killed a two-headed ogre
  8801 | D:11     | Reached skill level 9 in Long Blades
  8986 | D:11     | Noticed a manticore
  8996 | D:11     | Killed a manticore
  9204 | D:11     | Noticed a two-headed ogre
  9209 | D:11     | Killed a two-headed ogre
  9224 | D:11     | Noticed an orange crystal statue
  9245 | D:11     | Killed an orange crystal statue
  9276 | D:11     | Noticed an eight-headed hydra
  9292 | D:11     | Killed a two-headed hydra
  9292 | D:11     | Reached XP level 12. HP: 23/80 MP: 5/12
  9578 | D:11     | Found an ornate altar of the Wu Jian Council.
  9612 | D:11     | Found a staircase to the Lair.
 10414 | D:11     | Reached skill level 10 in Long Blades
 10457 | D:11     | Noticed a two-headed ogre
 10482 | D:11     | Killed a two-headed ogre
 10606 | D:12     | Noticed a centaur warrior
 10613 | D:12     | Noticed a centaur warrior
 10616 | D:12     | Killed a centaur warrior
 10624 | D:12     | Killed a centaur warrior
 10844 | D:12     | Found a large runed translucent door.
 10844 | D:12     | Found a large runed translucent door.
 10851 | D:12     | Found a snail-covered altar of Cheibriados.
 10884 | D:12     | Identified a scroll of acquirement
 10887 | D:12     | Identified the cursed ring "Acrirhoe" {Ice Int+6 Dex+3
                  | Slay-2} (You acquired it on level 12 of the Dungeon)
 11211 | D:12     | Reached XP level 13. HP: 80/86 MP: 11/13
 11228 | D:12     | Reached ** piety under Ashenzari
 11544 | D:12     | Reached skill level 11 in Long Blades
 11798 | D:12     | Found a hazy altar of Hepliaklqana.
 11799 | D:12     | Noticed a war gargoyle
 11802 | D:12     | Found a sacrificial altar of Ru.
 11834 | D:12     | Killed a war gargoyle
 12241 | D:13     | Found Viwepa's Book Shoppe.
 12472 | D:13     | Found a gate to the Vaults.
 12472 | D:13     | Noticed a vault guard
 12472 | D:13     | Noticed a vault guard
 12472 | D:13     | Noticed a vault guard
 12472 | D:13     | Noticed a vault guard
 12472 | D:13     | Noticed a vault guard
 12480 | D:13     | Noticed a vault guard
 12502 | D:13     | Killed a vault guard
 12517 | D:13     | Noticed a vault guard
 12518 | D:13     | Killed a vault guard
 12522 | D:13     | Noticed a vault guard
 12527 | D:13     | Killed a vault guard
 12534 | D:13     | Killed a vault guard
 12553 | D:13     | Killed a vault guard
 12754 | D:13     | Killed a vault guard
 12764 | D:13     | Killed a vault guard
 12795 | D:13     | Killed a vault guard
 13156 | D:14     | Reached skill level 12 in Long Blades
 13205 | D:14     | Gained mutation: Your large and strong wings let you fly
                  | indefinitely. [Gargoyle growth]
 13205 | D:14     | Reached XP level 14. HP: 94/94 MP: 14/14
 13391 | D:14     | Noticed Roxanne
 13811 | D:14     | Killed Roxanne
 14251 | D:15     | Entered Level 15 of the Dungeon
 14606 | D:15     | Found a frozen archway.
 14644 | IceCv    | Entered an ice cave
 14891 | IceCv    | Reached skill level 10 in Dodging
 14947 | IceCv    | Identified the ring of the Death Scarab {rPois Slay+3}
 15210 | IceCv    | Noticed a frost giant
 15251 | IceCv    | Killed a frost giant
 15251 | IceCv    | Reached skill level 13 in Long Blades
 15895 | D:15     | Reached XP level 15. HP: 57/100 MP: 10/15
 16672 | D:15     | Found a staircase to the Depths.
 16832 | Lair:1   | Entered Level 1 of the Lair of Beasts
 16956 | Lair:1   | Found a snail-covered altar of Cheibriados.
 17053 | Lair:1   | Reached *** piety under Ashenzari
 17696 | Lair:2   | Found a runed translucent gate.
 17697 | Lair:2   | Found a runed translucent gate.
 17993 | Lair:2   | Noticed Irchumiyd's ghost (journeyman DEAE)
 18014 | Lair:2   | Found a runed translucent gate.
 18014 | Lair:2   | Identified the ring "Oboy" {rElec rN+ MR+ MP+9 Str+3}
 18191 | Lair:2   | Found a staircase to the Shoals.
 18957 | Lair:3   | Reached **** piety under Ashenzari
 18960 | Lair:3   | Found a staircase to the Snake Pit.
 19018 | Lair:3   | Reached skill level 14 in Long Blades
 19307 | Lair:4   | Found an ornate altar of the Wu Jian Council.
 20287 | Lair:5   | Got the cursed pair of gloves of a Billion Queens {MR+
                  | Str+3 Dex-2 Stlth+}
 20298 | Lair:5   | Identified the cursed +0 pair of gloves of a Billion Queens
                  | {MR+ Str+3 Dex-2 Stlth+} (You acquired it on level 5 of the
                  | Lair of Beasts)
 20334 | Lair:5   | Reached XP level 16. HP: 99/107 MP: 14/16
 20351 | Lair:5   | Noticed Sonja
 20386 | Lair:5   | Killed Sonja
 20697 | Lair:5   | Found a staircase to the Slime Pits.
 21058 | Lair:6   | Entered Level 6 of the Lair of Beasts
 21075 | Lair:6   | Reached ***** piety under Ashenzari
 22645 | Lair:2   | Killed Irchumiyd's ghost
 22829 | Orc:1    | Entered Level 1 of the Orcish Mines
 22972 | D:9      | Reached skill level 15 in Long Blades
 23144 | Orc:1    | Found a transporter.
 23157 | Orc:1    | Found a transporter.
 23265 | Orc:2    | Entered Level 2 of the Orcish Mines
 23472 | Orc:2    | Found a staircase to the Elven Halls.
 23959 | Orc:1    | Found Suerah's Jewellery Shoppe.
 24111 | Orc:1    | Noticed Erolcha
 24120 | Orc:1    | Killed Erolcha
 24120 | Orc:1    | Reached skill level 15 in Fighting
 24796 | Orc:2    | Reached skill level 15 in Armour
 24850 | Orc:2    | Reached XP level 17. HP: 107/113 MP: 17/17
 24938 | Orc:2    | Found Joexid's Food Boutique.
 24938 | Orc:2    | Found Yshyurghicy's Book Boutique.
 24939 | Orc:2    | Found Ykloamma's Food Shop.
 24939 | Orc:2    | Found Zanem's Jewellery Boutique.
 25075 | Orc:1    | Found a roughly hewn altar of Beogh.
 25832 | Shoals:1 | Entered Level 1 of the Shoals
 26031 | Shoals:1 | Noticed Frances
 26050 | Shoals:1 | Gained mutation: Your spells are a little easier to cast,
                  | but a little less powerful. [a neqoxec]
 26051 | Shoals:1 | Gained mutation: Your magical capacity is low. (-10% MP) [a
                  | neqoxec]
 26057 | Shoals:1 | Gained mutation: Your magical capacity is very low. (-20%
                  | MP) [a neqoxec]
 26077 | Shoals:1 | Killed Frances
 26419 | Shoals:1 | Noticed Jorgrun
 26441 | Shoals:1 | Killed Jorgrun
 27032 | Shoals:2 | Found Dojetiak's Food Emporium.
 28721 | Shoals:3 | Found Vezest's Mayhem Merchandise.
 29109 | Shoals:3 | Reached skill level 16 in Long Blades
 29380 | Shoals:3 | Found Ragh's Antique Weapon Emporium.
 29392 | Shoals:3 | Noticed Ilsuiw
 29712 | Shoals:3 | Killed Ilsuiw
 29973 | Shoals:3 | Cast into level 2 of the Abyss (merfolk impaler)
 30045 | Abyss:2  | Noticed a tentacled starspawn
 30060 | Abyss:2  | Killed a tentacled starspawn
 30073 | Abyss:2  | Found a corrupted altar of Lugonu.
 30081 | Abyss:2  | Noticed an ancient lich
 30093 | Abyss:2  | Reached XP level 18. HP: 69/120 MP: 14/14
 30103 | Abyss:2  | Noticed a Hell Sentinel
 30116 | Abyss:2  | Killed an ancient lich
 30130 | Abyss:2  | HP: 5/120 [dire elephant skeleton (5)]
 30142 | Abyss:2  | HP: 4/120 [harpy skeleton (4)]
 30157 | Abyss:2  | Killed from afar by a smoke demon

Levels and vault maps discovered:
D:1:      ncdulo_halloftheorcs, layout_basic
D:2:      layout_loops_ring, overflow_temple_1_default, old_standard_altar,
          uniq_terence, uniq_sigmund
D:3:      layout_loops_ring, gammafunk_ghost_cemetery,
          chequers_ecumenical_altar_simple, first_ration, minmay_divided_ellipse
D:4:      layout_basic, grunt_temple_overflow_diamond, elyvilon_altar_5,
          minmay_unequal
D:5:      layout_loops_ring, serial_shops, nicolae_shop_statue_plus
D:6:      layout_cave_pods, dancing_weapons_uskayaw, serial_shops, shop_statue,
          shop, nicolae_shop_trees, shop, uniq_grinder, uniq_blork_the_orc,
          uniq_eustachio
D:7:      layout_loops_ring, grunt_dithmenos_shadows,
          minmay_temple_entry_junction, basic_altar
D:8:      layout_loops_ring
D:9:      layout_big_octagon, grunt_ogre_cave
D:10:     layout_long_grid, serial_shops, shop, tso_altar, uniq_gastronok
D:11:     layout_cave_pods, erik_lair_orcish_takeover, basic_altar, special_room
          [special_room_bee], minivault_16, onia_ninara_cookie
D:12:     nrook_guardian_serpent_snake_passage, layout_irregular_city,
          basic_altar, jmf_multi_god_temple2
D:13:     layout_rooms, erik_vaults_2, serial_shops, nicolae_shop_trees
D:14:     layout_basic, chequers_serial_rivers_micro_e, minmay_door_square,
          uniq_roxanne
D:15:     grunt_enter_depths_magical_seal, layout_basic,
          portal_ice_cave_entry_ice_beasts
Temple:   jpeg_temple_clearing
Lair:1:   layout_chaotic_city, kennysheep_snail_temple
Lair:2:   layout_regular_city, elwin_shoals_entry_rocks,
          maelrawn_ghost_gauntlet_escape, lemuel_fruit_fields,
          lemuel_fruit_fields, serial_bayou_shore_a, lemuel_fruit_tree
Lair:3:   minmay_lair_venomous_thicket, layout_loops_ring, dummy_snake_entry,
          lemuel_fruit_fields, lemuel_fruit_fields
Lair:4:   layout_cave_pods, basic_altar, grunt_forest_large_clearings,
          grunt_megastairs_5, minmay_lair_oklob_chamber, lemuel_fruit_fields,
          infiniplex_staircase_pool
Lair:5:   layout_loops_ring, nicolae_slime_entry_slimehenge,
          lemuel_fruit_fields, uniq_sonja
Lair:6:   evilmike_catoblepas_cave, layout_gridlike, grunt_megastairs_2
Shoals:1: layout_shoals, uniq_frances, uniq_jorgrun
Shoals:2: layout_shoals, serial_shops, shop
Shoals:3: layout_shoals, serial_shops, shop, minmay_shop_mayhem, uniq_ilsuiw
Orc:1:    gammafunk_beogh_shrine, layout_caves, serial_shops,
          nicolae_shop_waterfront, uniq_erolcha
Orc:2:    st_orc_pillars, layout_caves
Abyss:2:  base: Orc:2, minivault_19, minivault_5, minivault_5,
          gammafunk_corrupted_shrine

Skill      XL: |  1  2  3  4  5  6  7  8  9 10 11 12 13 14 15 16 17 |
---------------+----------------------------------------------------+-----
Long Blades    | 2 3 4 5 6 8 9 10 12 13 14 15 16 | 16.3
Fighting       | 4 5 6 8 10 11 12 13 14 15 | 15.8
Armour         | 4 5 7 8 10 11 12 13 14 15 | 15.7
Dodging        | 1 2 3 4 5 7 9 10 11 12 13 | 13.8
Shields        | 4 5 |  5.0

Action                   |  1- 3 |  4- 6 |  7- 9 | 10-12 | 13-15 | 16-18 || total
-------------------------+-------+-------+-------+-------+-------+-------++-------
Melee: Long sword        |    97 |   185 |   455 |   713 |  1475 |  1346 ||  4271
Throw: Throwing net      |       |       |       |     3 |     1 |       ||     4
Invok: Curse Item        |       |       |     1 |       |       |       ||     1
 Abil: Fly               |       |       |       |       |     1 |       ||     1
Evoke: Wand              |       |       |       |       |       |    19 ||    19
  Use: Potion            |     2 |     2 |     2 |     2 |     2 |     5 ||    15
       Scroll            |       |     1 |     6 |    13 |     8 |     8 ||    36
 Stab: Held in net/web   |       |       |       |     4 |       |       ||     4
       Paralysed         |       |       |       |       |       |     3 ||     3
  Eat: Chunk             |       |     5 |     9 |    15 |    32 |    17 ||    78
       Ration            |       |       |     1 |     1 |       |     5 ||     7
Armor: Scale mail        |    65 |    23 |       |       |       |       ||    88
       Plate armour      |       |   161 |   345 |    39 |       |       ||   545
       Chain mail        |       |       |       |   478 |   748 |   702 ||  1928
Dodge: Dodged            |    40 |    48 |   100 |   283 |   615 |   766 ||  1852
       Deflected         |       |       |       |    11 |    13 |    41 ||    65
Block: Shield            |    60 |   107 |   226 |   420 |   315 |       ||  1128
       Buckler           |       |       |       |       |   243 |   528 ||   771
       Rpst.: Long sword |    15 |    14 |    27 |    77 |   172 |   184 ||   489

Table legend:
 A = Non-vault XP
 B = Vault XP
 C = Vault XP percentage of total XP
 D = Non-vault monster count
 E = Vault monster count
 F = Vault count percentage of total count
                 A         B        C        D         E       F
            +---------+---------+-------+---------+---------+-------
      Total |  153398 |  100872 |  39.7 |     669 |     309 |  31.6
            +---------+---------+-------+---------+---------+-------
        D:1 |      31 |       0 |   0.0 |      18 |       0 |   0.0
        D:2 |      32 |     267 |  89.3 |      12 |       2 |  14.3
        D:3 |      62 |     651 |  91.3 |      11 |      15 |  57.7
        D:4 |     686 |      53 |   7.2 |      23 |       3 |  11.5
        D:5 |     801 |       0 |   0.0 |      23 |       0 |   0.0
        D:6 |     634 |     555 |  46.7 |      11 |       3 |  21.4
        D:7 |    1655 |      11 |   0.7 |      26 |       1 |   3.7
        D:8 |     968 |       0 |   0.0 |      28 |       0 |   0.0
        D:9 |    3311 |     118 |   3.4 |      23 |       1 |   4.2
       D:10 |    2759 |    2203 |  44.4 |      33 |       1 |   2.9
       D:11 |    5967 |    6712 |  52.9 |      24 |      40 |  62.5
       D:12 |    4638 |    5499 |  54.2 |      31 |       8 |  20.5
       D:13 |    6114 |    7802 |  56.1 |      28 |       8 |  22.2
       D:14 |   12517 |    1978 |  13.6 |      45 |       1 |   2.2
       D:15 |    8400 |    7321 |  46.6 |      16 |      20 |  55.6
     Lair:1 |    3673 |    1674 |  31.3 |      19 |       4 |  17.4
     Lair:2 |    4985 |    3019 |  37.7 |      28 |       3 |   9.7
     Lair:3 |    9730 |    2923 |  23.1 |      29 |      14 |  32.6
     Lair:4 |    3941 |    5683 |  59.1 |      14 |      27 |  65.9
     Lair:5 |    6714 |     995 |  12.9 |      23 |       6 |  20.7
     Lair:6 |   12817 |   11335 |  46.9 |      32 |      25 |  43.9
   Shoals:1 |    5147 |    5061 |  49.6 |      12 |       2 |  14.3
   Shoals:2 |   19967 |       0 |   0.0 |      45 |       0 |   0.0
   Shoals:3 |   11850 |    4848 |  29.0 |      27 |       5 |  15.6
      Orc:1 |    6376 |    8172 |  56.2 |      42 |      18 |  30.0
      Orc:2 |    1358 |    9837 |  87.9 |      30 |      55 |  64.7
    Abyss:2 |   18265 |       0 |   0.0 |      16 |       0 |   0.0
      IceCv |       0 |   14155 | 100.0 |       0 |      47 | 100.0
            +---------+---------+-------+---------+---------+-------
